 Dungeon Crawl Stone Soup version 0.31-a0-150-g89dc3ad700 (webtiles) character file.

Game seed: 15637247644753618724

775 qw the Skirmisher (level 7, 0/61 HPs)
             Began as a Minotaur Hunter on June 8, 2023.
             Was an Initiate of Okawaru.
             Killed from afar by Blork the orc (1 damage)
             ... with a magic dart
             ... on level 5 of the Dungeon.
             The game lasted 00:01:30 (3793 turns).

qw the Skirmisher (Minotaur Hunter)                 Turns: 3793, Time: 00:01:31

Health: 0/61       AC:  8    Str: 16    XL:     7   Next: 54%
Magic:  6/6        EV: 11    Int:  6    God:    Okawaru [......]
Gold:   146        SH:  5    Dex: 15    Spells: 6/6 levels left

rFire   . . .        Y - +2 shortbow
rCold   + . .        (shield currently unavailable)
rNeg    . . .        j - +0 ring mail
rPois   .            (helmet restricted)
rElec   .            (no cloak)
rCorr   .            f - +0 pair of gloves
SInv    .            d - +0 pair of boots
Will    .....        l - amulet of reflection
Stlth   +            k - ring of protection from cold
HPRegen 0.30/turn    (no ring)
MPRegen 0.10/turn

%: reflection
@: lethally poisoned (0 -> -3)
A: horns 2, retaliatory headbutt
a: Renounce Religion


You were on level 5 of the Dungeon.
You worshipped Okawaru.
Okawaru was noncommittal.
You visited 1 branch of the dungeon, and saw 5 of its levels.

You collected 146 gold pieces.


Innate Abilities, Weirdness & Mutations

You have a pair of horns on your head.
You reflexively headbutt those who attack you in melee.


   Skills:
 - Level 5.1 Fighting
 + Level 8.2 Ranged Weapons
 - Level 4.6 Armour
 - Level 2.1 Dodging
 - Level 0.7 Stealth


You had 6 spell levels left.
You didn't know any spells.
Your spell library was empty.

Inventory:

Hand Weapons
 Y - a +2 shortbow (weapon)
Armour
 d - a +0 pair of boots (worn)
 f - a +0 pair of gloves (worn)
 j - a +0 ring mail (worn)
Jewellery
 k - a ring of protection from cold (left hand)
 l - an amulet of reflection (around neck)
Wands
 o - a wand of digging (6)
Scrolls
 a - 2 scrolls of identify
Potions
 b - a potion of cancellation
 c - a potion of resistance
 e - 2 potions of haste
 g - a potion of mutation
 h - a potion of might
 i - 2 potions of curing
 q - a potion of degeneration {unknown}

Dungeon Overview and Level Annotations

Branches:
Dungeon (4/15)
 Temple: D:4-7

Altars:
Hepliaklqana
Okawaru
Ru

Annotations:
D:3 1 runed translucent door, Crazy Yiuf
D:5 Blork the orc


Message History

The water moccasin poisons you! You block Blork the orc's attack.
The orc wizard barely misses you. The orc hits you but does no damage.
You shoot an arrow. The arrow hits the orc wizard.
You kill the orc wizard!
Okawaru accepts your kill.
You feel very sick. The water moccasin barely misses you.
Blork the orc barely misses you. You furiously retaliate!
You headbutt Blork the orc. The orc barely misses you.
The water moccasin closely misses you.
You shoot an arrow. The arrow hits the water moccasin.
The water moccasin is heavily wounded.
You feel very sick. The water moccasin barely misses you.
Blork the orc misses you. The orc hits you but does no damage.
You shoot an arrow. The arrow hits the water moccasin.
The water moccasin is severely wounded.
You feel very sick. The water moccasin closely misses you.
Blork the orc casts a spell.
Blork the orc seems to speed up.
The orc barely misses you. The water moccasin bites you.
You shoot an arrow. The arrow hits the water moccasin.
The water moccasin is severely wounded.
You feel sick. You block Blork the orc's attack. The water moccasin misses you.
You block the orc's attack.
Blork the orc hits you with a +0 scimitar!
You shoot an arrow. The arrow hits the water moccasin.
The water moccasin is almost dead.
You feel sick. You block the water moccasin's attack.
Blork the orc barely misses you. You furiously retaliate!
You headbutt Blork the orc.
The orc hits you from afar with a +0 trident!
The water moccasin bites you but does no damage.
You shoot an arrow.
The arrow closely misses the water moccasin.
You feel sick. Blork the orc misses you. You block the orc's attack.
The water moccasin bites you.
Blork the orc points at you and mumbles some strange words.
The magic dart hits you.
You die...

##.... ..... ..
......?.... ..
#..........
#..##...#......
####..#....#......
........#..o...... ###
#...........So.#
.#.##..........)@)##
...................#
...............#.....#
......#.#......####++#
......[.......###
................#
.........#..##..#
....(.#####....##
#.....# ##.....#


You could see Blork the orc (fast), a water moccasin and an orc.

Vanquished Creatures
  Grinder (D:4)
  A kobold brigand (D:4)
  2 scorpions (D:4)
  2 hounds (D:4)
  3 orc wizards
  Natasha (twice) (D:4)
  An iguana (D:5)
  4 gnolls (D:4)
  4 adders
  3 worms
  10 dart slugs
  5 orcs
  5 bats
  8 endoplasms
  3 giant cockroaches
  10 goblins
  6 hobgoblins
  2 jackals (D:1)
  6 quokkas
  4 ball pythons
  7 kobolds
  9 rats
98 creatures vanquished.

Notes
Turn   | Place    | Note
-------+----------+-------------------------------------------
     0 | D:1      | qw the Minotaur Hunter began the quest for the Orb.
     0 | D:1      | Reached XP level 1. HP: 18/18 MP: 0/0
     0 | D:1      | 0 ||| qw: Version: 0.2-a-120-gdf1a93b
     0 | D:1      | 0 ||| qw: Game counter: 2973
     0 | D:1      | 0 ||| qw: Always use a shield: true
     0 | D:1      | 0 ||| qw: God list: Okawaru
     0 | D:1      | 0 ||| qw: Allow faded altars: false
     0 | D:1      | 0 ||| qw: Do Orc after D:15 true
     0 | D:1      | 0 ||| qw: Do second Lair branch before Depths: true
     0 | D:1      | 0 ||| qw: Lair rune preference: random
     0 | D:1      | 0 ||| qw: Plans: Normal
     0 | D:1      | 0 ||| PLANNING D:1-11
   106 | D:1      | Reached XP level 2. HP: 25/25 MP: 1/1
   112 | D:1      | Reached skill level 5 in Ranged Weapons
   374 | D:1      | Reached skill level 3 in Fighting
   659 | D:1      | 659 ||| UPGRADING to amulet of reflection.
   664 | D:1      | 664 ||| UPGRADING to ring of protection from cold.
   665 | D:1      | 665 ||| READING 3 scrolls labelled WAL GUCIMEHURIO.
   666 | D:1      | 666 ||| READING scroll labelled YHOERU UCSIPA.
   667 | D:1      | 667 ||| READING scroll labelled SUOM AFUYLL.
   668 | D:1      | 668 ||| DRINKING 2 silvery potions.
   772 | D:1      | 772 ||| READING 2 scrolls of identify.
   772 | D:1      | 772 ||| IDENTIFYING glowing sapphire potion
   773 | D:1      | 773 ||| DROPPING scroll of butterflies.
   774 | D:1      | 774 ||| DROPPING potion of attraction.
   775 | D:1      | 775 ||| DROPPING potion of berserk rage.
   945 | D:2      | Reached XP level 3. HP: 26/31 MP: 2/2
  1525 | D:2      | 1525 ||| READING scroll of enchant weapon.
  1525 | D:2      | 1525 ||| ENCHANTING +1 shortbow.
  1566 | D:2      | Reached skill level 6 in Ranged Weapons
  1566 | D:2      | Reached XP level 4. HP: 33/38 MP: 3/3
  1631 | D:2      | 1631 ||| UPGRADING to +0 pair of gloves.
  1636 | D:2      | 1636 ||| UPGRADING to +0 ring mail.
  1646 | D:2      | 1646 ||| DROPPING +0 leather armour.
  1647 | D:2      | 1647 ||| DROPPING +6 ring of intelligence.
  1648 | D:2      | 1648 ||| DRINKING 2 smoky dark potions.
  1649 | D:2      | 1649 ||| DRINKING 3 bubbling coppery potions.
  1650 | D:2      | 1650 ||| DROPPING potion of brilliance.
  1693 | D:3      | Reached skill level 1 in Armour
  1705 | D:3      | 1705 ||| Stepping ~*~*~tactically~*~*~ (water).
  2053 | D:3      | Found a runed translucent door.
  2054 | D:3      | Noticed Crazy Yiuf
  2232 | D:3      | Found a faded altar of an unknown god.
  2331 | D:3      | 2331 ||| UPGRADING to +0 pair of boots.
  2336 | D:3      | 2336 ||| DRINKING 2 coppery potions.
  2337 | D:3      | 2337 ||| DRINKING 3 dark potions.
  2338 | D:3      | 2338 ||| READING 2 scrolls of identify.
  2338 | D:3      | 2338 ||| IDENTIFYING fizzy grey potion
  2339 | D:3      | 2339 ||| DROPPING 2 potions of magic.
  2357 | D:4      | 2357 ||| PLANNING SEWER
  2371 | D:4      | Noticed a kobold brigand
  2382 | D:4      | Killed a kobold brigand
  2383 | D:4      | Reached XP level 5. HP: 25/47 MP: 4/4
  2496 | D:4      | Noticed Natasha
  2500 | D:4      | Killed Natasha
  2507 | D:4      | Found a hazy altar of Hepliaklqana.
  2508 | D:4      | Found a sacrificial altar of Ru.
  2637 | D:4      | Reached XP level 6. HP: 55/55 MP: 5/5
  2649 | D:4      | Reached skill level 7 in Ranged Weapons
  2651 | D:4      | HP: 12/55 [gnoll/+0 spear (4)]
  2864 | D:4      | Noticed Grinder
  2872 | D:4      | Paralysed by Grinder for 5 turns
  2883 | D:4      | Killed Grinder
  3045 | D:4      | Reached XP level 7. HP: 60/60 MP: 6/6
  3125 | D:4      | 3125 ||| RIP SEWER
  3126 | D:4      | 3126 ||| PLANNING D:1-11
  3248 | D:4      | 3248 ||| READING scroll labelled PENKUA MECLE.
  3338 | D:4      | Noticed Natasha
  3340 | D:4      | Found an iron altar of Okawaru.
  3341 | D:4      | 3341 ||| PLANNING OKAWARU WORSHIP
  3348 | D:4      | Killed Natasha
  3458 | D:4      | 3458 ||| READING scroll labelled VOLIRCH MARHOU.
  3461 | D:4      | 3461 ||| READING scroll labelled IMEIMPUPSITS.
  3462 | D:4      | 3462 ||| DRINKING 2 golden potions.
  3463 | D:4      | 3463 ||| DRINKING 2 lumpy black potions.
  3464 | D:4      | 3464 ||| READING 2 scrolls of identify.
  3464 | D:4      | 3464 ||| IDENTIFYING glowing orange potion
  3500 | D:4      | Became a worshipper of Warmaster Okawaru
  3500 | D:4      | 3500 ||| PLANNING D:1-11
  3710 | D:4      | Reached skill level 8 in Ranged Weapons
  3728 | D:4      | You fall into a shaft and drop 1 floor!
  3728 | D:5      | Entered Level 5 of the Dungeon
  3779 | D:5      | Noticed Blork the orc
  3791 | D:5      | HP: 15/61 [Blork the orc/+0 scimitar (9)]
  3792 | D:5      | HP: 5/61 [orc/+0 trident (8)]
  3793 | D:5      | HP: 1/61 [water moccasin (3)]
  3793 | D:5      | Killed from afar by Blork the orc

Levels and vault maps discovered:
D:1:      dpeg_arrival_brainrot, layout_basic, minmay_statues_item,
          chequers_decorated_corner, minmay_pentomino_t2
D:2:      minmay_wonky_spiral, layout_loops_ring
D:3:      kennysheep_slugbush, layout_basic,
          hellmonk_ecumenical_altar_leap_of_faith, uniq_crazy_yiuf_cottage
D:4:      layout_basic, mainiacjoe_overflow_alcove_2,
          mainiacjoe_overflow_divided_tiny, cheibrodos_sewer_entry_bend,
          st_stairs_14, uniq_grinder, uniq_natasha
D:5:      layout_cave_pools, nrook_pool_corridor, kennysheep_generic_room_12,
          uniq_blork_the_orc

Skill      XL: |  1  2  3  4  5  6  7 |
---------------+----------------------+-----
Ranged Weapons | 5 6 7 8 |  8.2
Fighting       | 3 4 5 |  5.1
Armour         | 1 4 |  4.6
Dodging        | |  2.1
Stealth        | |  0.7

Action                     |  1- 3 |  4- 6 |  7- 9 || total
---------------------------+-------+-------+-------++-------
   Fire: Shortbow          |   145 |   132 |    94 ||   371
    Use: Scroll            |     5 |     1 |     4 ||    10
         Potion            |     1 |     4 |     2 ||     7
 Armour: Leather armour    |    12 |       |       ||    12
         Ring mail         |       |    15 |    34 ||    49
  Dodge: Dodged            |    40 |    21 |    31 ||    92
  Block: Other             |     6 |    13 |    11 ||    30

Table legend:
 A = Non-vault XP
 B = Vault XP
 C = Vault XP percentage of total XP
 D = Non-vault monster count
 E = Vault monster count
 F = Vault count percentage of total count
                 A         B        C        D         E       F
            +---------+---------+-------+---------+---------+-------
      Total |     670 |     438 |  39.5 |      77 |      21 |  21.4
            +---------+---------+-------+---------+---------+-------
        D:1 |      34 |       3 |   8.1 |      19 |       2 |   9.5
        D:2 |      55 |      12 |  17.9 |      21 |       5 |  19.2
        D:3 |      16 |      36 |  69.2 |       8 |       9 |  52.9
        D:4 |     479 |     387 |  44.7 |      25 |       5 |  16.7
        D:5 |      86 |       0 |   0.0 |       4 |       0 |   0.0
            +---------+---------+-------+---------+---------+-------
